AoeStats
← Mertcan19072712

Arabian Desert

509591119Analyzed
1v1 RM · 6d ago on Sep 27, 2026· 40m 13s· 2 players
Game mode
Random Map
Map size
Tiny (2 player)
Population
200
Speed
Normal
Resources
Standard
Victory
Conquest
Starting age
Dark Age
Ending age
Imperial Age
RankedLock teamsTeams togetherTeam positionsShared explorationLock speedFull tech treeHidden civsTurbo modeCheats
Victory
Defeat
🇪🇸 Hindustanis · Spain
980
+17
🇬🇧 Franks · United Kingdom
1005
-17
marce
2:37 Loom
8:45 Feudal Age
9:35 Double-Bit Axe
11:03 Town Watch
12:05 Man-at-Arms
13:21 Arson
14:43 Wheelbarrow
20:11 Castle Age
19:55 Horse Collar
20:33 Scale Mail Armor
21:06 Heavy Plow
22:17 Bow Saw
23:38 Gold Mining
23:41 Stone Mining
25:02 Hand Cart
25:58 Gold Shaft Mining
26:02 Stone Shaft Mining
26:59 Scale Barding Armor
27:06 Forging
29:44 Bloodlines
30:23 Husbandry
35:48 Imperial Age
35:56 Iron Casting
36:48 Chain Barding Armor
36:34 Grand Trunk Road
36:27 Heavy Camel Rider
37:55 Conscription
39:40 Plate Barding Armor
40:06 Blast Furnace
39:21 Chain Mail Armor
41:31 Two-Man Saw
Mertcan19072712
11:08 Feudal Age
15:04 Castle Age
14:18 Double-Bit Axe
14:39 Gold Mining
17:54 Loom
22:27 Bow Saw
23:29 Stone Mining
24:02 Town Watch
26:37 Gold Shaft Mining
28:08 Wheelbarrow
33:55 Imperial Age
31:35 Padded Archer Armor
31:27 Fletching
31:25 Pikeman
33:06 Squires
33:23 Leather Archer Armor
33:07 Bodkin Arrow
33:49 Arson
34:54 Hand Cart
34:38 Cavalier
35:20 Husbandry
35:48 Scale Mail Armor
35:24 Elite Skirmisher
36:45 Conscription
37:38 Chemistry
38:41 Paladin
Connection lost

Rejoining the realm…

Still unreachable

The connection could not be restored.

Session expired

The server has moved on; the page needs a fresh start.